 Dungeon Crawl Stone Soup version 0.31-a0-263-ge8cad7f256 (webtiles) character file.

Game seed: 13619520180790543761

30 qw the Shooter (level 3, 0/21 HPs)
             Began as a Gargoyle Hexslinger on July 13, 2023.
             Frozen to death by an endoplasm (1 damage)
             ... on level 1 of the Dungeon.
             The game lasted 00:00:22 (797 turns).

qw the Shooter (Gargoyle Hexslinger)                 Turns: 797, Time: 00:00:23

Health: 0/21       AC:  9    Str: 11    XL:     3   Next: 18%
Magic:  4/4        EV: 10    Int: 13    God:
Gold:   79         SH:  0    Dex: 14    Spells: 3/4 levels left

rFire   . . .        Y - +1 sling
rCold   . . .        (no shield)
rNeg    + . .        d - +0 ring mail
rPois   inf          (no helmet)
rElec   +            (no cloak)
rCorr   .            (no gloves)
SInv    .            g - +0 pair of boots
Will    .....        (no amulet)
Stlth   +            (no ring)
HPRegen 0.23/turn    (no ring)
MPRegen 0.09/turn

%: no passive effects
@: about to teleport
A: sickness immunity, AC +3, negative energy resistance 1, electricity
resistance, torment resistance 1, petrification resistance
a: no special abilities


You were on level 1 of the Dungeon.
You visited 1 branch of the dungeon, and saw 2 of its levels.

You collected 79 gold pieces.


Innate Abilities, Weirdness & Mutations

You are immune to sickness and miasma.
Your stone body is resilient. (AC +3)
You are immune to poison.
You resist negative energy. (rN+)
You are resistant to electric shocks. (rElec)
You are resistant to unholy torment.
You are immune to petrification.


   Skills:
 - Level 2.0 Fighting
 - Level 3.1 Ranged Weapons
 + Level 0.0 Armour
 - Level 1.5 Dodging
 - Level 1.0 Spellcasting
 - Level 2.6 Hexes


You had 3 spell levels left.
You knew the following spells:

 Your Spells              Type           Power      Damage    Failure   Level
a - Slow                  Hex            28%        N/A       22%         1

Your spell library contained the following spells:

 Spells                   Type           Power      Damage    Failure   Level
 Inner Flame              Hex/Fire       4%         N/A       75%         3
 Portal Projectile        Hex/Tloc       8%         N/A       75%         3
 Cause Fear               Hex            3%         N/A       92%         4

Inventory:

Hand Weapons
 Y - a +1 sling (weapon)
Armour
 d - a +0 ring mail (worn)
 g - a +0 pair of boots (worn)
Potions
 h - a potion of degeneration {unknown}

Dungeon Overview and Level Annotations

Branches:
Dungeon (2/15)

Altars:


Message History

Enter note: You shoot a sling bullet.
The sling bullet hits the hobgoblin.
The hobgoblin is heavily wounded.
The hobgoblin hits you but does no damage.
The endoplasm closely misses you. The rat closely misses you.
You shoot a sling bullet.
The sling bullet closely misses the hobgoblin.
The hobgoblin hits you. The endoplasm freezes you.
You are frozen.
The rat barely misses you.
You shoot a sling bullet.
The sling bullet barely misses the hobgoblin.
The hobgoblin hits you.
The endoplasm hits you but does no damage.
The rat barely misses you.
The hobgoblin hits you but does no damage.
The endoplasm freezes you.
You are frozen.
The rat bites you but does no damage.
You shoot a sling bullet.
The sling bullet hits the hobgoblin but does no damage.
The hobgoblin is heavily wounded.
The hobgoblin hits you but does no damage.
The endoplasm freezes you.
You are frozen.
The rat barely misses you.
795 ||| READING scroll of teleportation.
As you read the scroll of teleportation, it crumbles to dust.
You feel strangely unstable. The hobgoblin closely misses you.
The endoplasm hits you but does no damage.
The rat bites you.
You shoot a sling bullet. The sling bullet hits the hobgoblin.
The hobgoblin is severely wounded.
The hobgoblin closely misses you. The endoplasm closely misses you.
The rat misses you.
You shoot a sling bullet. The sling bullet hits the hobgoblin!
You kill the hobgoblin!
The endoplasm hits you. The rat bites you but does no damage.
The endoplasm freezes you.
You are frozen.
You die...

#.# #................
#.##
##.##..........###
##.###..##.#######..#
##...#.##)## #..###
###.#.##..# #..##.
#.#.##..# #.....
#.#.##..# #.###.
#r#%##..######.###.
#.@.........##.....
#.J###..###.####...
#..###..###........
#......>.....###...
##.####.###..###...
#.# #.###........ #.#
#..........## #.#
#.##..###### #.#
#.##..#


You could see an endoplasm and a rat.

Vanquished Creatures
  4 endoplasms (D:1)
  A giant cockroach (D:1)
  7 hobgoblins (D:1)
  7 kobolds (D:1)
  A quokka (D:1)
  4 ball pythons
  4 bats (D:1)
  A frilled lizard (D:1)
29 creatures vanquished.

Notes
Turn   | Place    | Note
-------+----------+-------------------------------------------
     0 | D:1      | qw the Gargoyle Hexslinger began the quest for the Orb.
     0 | D:1      | Reached XP level 1. HP: 12/12 MP: 2/2
     0 | D:1      | 0 ||| qw: Version: 0.3-a-52-g30416fa
     0 | D:1      | 0 ||| qw: Game counter: 7218
     0 | D:1      | 0 ||| qw: Melee chars always use a shield: true
     0 | D:1      | 0 ||| qw: God list: Okawaru
     0 | D:1      | 0 ||| qw: Allow faded altars: false
     0 | D:1      | 0 ||| qw: Do Orc after clearing Dungeon:15 true
     0 | D:1      | 0 ||| qw: Do second Lair branch before Depths: true
     0 | D:1      | 0 ||| qw: Lair rune preference: random
     0 | D:1      | 0 ||| qw: Goals: Normal
     0 | D:1      | 0 ||| PLANNING D:1-11
   216 | D:1      | Reached XP level 2. HP: 16/16 MP: 3/3
   306 | D:1      | Reached skill level 3 in Ranged Weapons
   479 | D:1      | Reached XP level 3. HP: 21/21 MP: 4/4
   720 | D:1      | 720 ||| UPGRADING to +0 ring mail.
   730 | D:1      | 730 ||| DROPPING +0 robe.
   731 | D:1      | 731 ||| UPGRADING to +0 pair of boots.
   736 | D:1      | 736 ||| READING scroll labelled WAGAUR RITI.
   737 | D:1      | 737 ||| READING 2 scrolls labelled OJOKLOBIBO.
   740 | D:1      | 740 ||| READING scroll labelled PORUET LUXO.
   741 | D:1      | 741 ||| DROPPING scroll of poison.
   789 | D:2      | 789 ||| STAIRDANCE
   794 | D:1      | HP: 4/21 [frozen (2)]
   795 | D:1      | 795 ||| READING scroll of teleportation.
   797 | D:1      | HP: 1/21 [endoplasm (3)]
   797 | D:1      | Frozen to death by an endoplasm

Levels and vault maps discovered:
D:1:      evilmike_arrival_rings, layout_loops_ring
D:2:      layout_rooms, basic_altar, serial_undead, serial_undead_c,
          serial_undead_e, serial_undead_c, serial_undead_e

Skill      XL: |  1  2 |
---------------+-------+-----
Ranged Weapons | 3 |  3.1
Fighting       | 2 |  2.0
Dodging        | |  1.5
Spellcasting   | |  1.0
Hexes          | |  2.6

Action                     || total
---------------------------++-------
   Fire: Sling             ||    99
    Use: Scroll            ||     4
 Armour: Robe              ||    15
         Ring mail         ||    11
  Dodge: Dodged            ||    48

Table legend:
 A = Non-vault XP
 B = Vault XP
 C = Vault XP percentage of total XP
 D = Non-vault monster count
 E = Vault monster count
 F = Vault count percentage of total count
                 A         B        C        D         E       F
            +---------+---------+-------+---------+---------+-------
      Total |      45 |       0 |   0.0 |      29 |       0 |   0.0
            +---------+---------+-------+---------+---------+-------
        D:1 |      44 |       0 |   0.0 |      28 |       0 |   0.0
        D:2 |       1 |       0 |   0.0 |       1 |       0 |   0.0
            +---------+---------+-------+---------+---------+-------
